[ PARTIDA AOE2 · #465808288 ]
UnrankedTeutones vs Portuguese
[ ANÁLISIS DE REPETICIÓN · EXTRAÍDO DE LA PARTIDA GRABADA ]
Feudal
15:03
Castillos
21:05
Imperial
39:17
| APM promedio | 13.8 |
| APM pico | 37 |
| eAPM promedio | 10.5 |
| Aldeanos / militares | 159 / 82 |
Foco
⚔️ 17.1% · 🌾 82.9%
Knight ×38 · Hand Cannoneer ×33 · Teutonic Knight ×9 · Trade Cart ×4 · Petard ×1 · Transport Ship ×1
Feudal
18:19
Castillos
39:07
Imperial
—
| APM promedio | 7.8 |
| APM pico | 20 |
| eAPM promedio | 5.5 |
| Aldeanos / militares | 20 / 54 |
Foco
⚔️ 40.7% · 🌾 59.3%
Militia ×19 · Spearman ×14 · Fishing Ship ×7 · Skirmisher ×6 · Knight ×5 · Archer ×4
Feudal
11:59
Castillos
16:19
Imperial
32:07
| APM promedio | 30.1 |
| APM pico | 72 |
| eAPM promedio | 19.9 |
| Aldeanos / militares | 136 / 62 |
Foco
⚔️ 29.9% · 🌾 70.1%
Unknown (882) ×115 · Genoese Crossbowman ×54 · Fishing Ship ×11 · Trebuchet (Packed) ×6 · Fire Galley ×2
Feudal
—
Castillos
—
Imperial
—
| APM promedio | 16.9 |
| APM pico | 96 |
| eAPM promedio | 15.3 |
| Aldeanos / militares | 51 / 56 |
Foco
⚔️ 7.4% · 🌾 92.6%
Militia ×14 · Steppe Lancer ×14 · Archer ×8 · Knight ×6 · Kipchak ×5 · Fishing Ship ×5
Mapa de la partida
Recursos iniciales + cada clic de construcción. Líneas = muros · curvas = relieve. ◆ oro · ⬟ piedra · ● bayas · ✦ reliquia · ◌ hueco del cierre
Inputs por minuto
— Handsome Shrek - - Turner896
Build order — Handsome Shrek
Primeras 150 de 376 acciones detectadas
| 0:03 | Construir | House |
| 0:04 | Construir | House |
| 0:05 | Crear | Villager (Male) |
| 0:05 | Crear | Villager (Male) |
| 0:05 | Crear | Villager (Male) |
| 0:06 | Crear | Villager (Male) |
| 1:53 | Crear | Villager (Male) |
| 2:24 | Crear | Villager (Male) |
| 2:25 | Crear | Villager (Male) |
| 3:10 | Crear | Villager (Male) |
| 3:12 | Crear | Villager (Male) |
| 3:47 | Crear | Villager (Male) |
| 3:57 | Crear | Villager (Male) |
| 4:09 | Crear | Villager (Male) |
| 4:47 | Crear | Villager (Male) |
| 4:58 | Construir | House |
| 5:19 | Crear | Villager (Male) |
| 5:19 | Crear | Villager (Male) |
| 5:37 | Construir | House |
| 5:39 | Crear | Villager (Male) |
| 6:04 | Construir | Mill |
| 6:10 | Construir | Mill |
| 6:34 | Construir | Lumber Camp |
| 7:06 | Crear | Villager (Male) |
| 7:39 | Construir | Mining Camp |
| 7:46 | Crear | Villager (Male) |
| 8:22 | Crear | Villager (Male) |
| 8:30 | Crear | Villager (Male) |
| 8:58 | Crear | Villager (Male) |
| 9:30 | Crear | Villager (Male) |
| 9:42 | Construir | House |
| 10:16 | Construir | House |
| 10:48 | Construir | House |
| 11:22 | Crear | Villager (Male) |
| 11:41 | Construir | House |
| 11:49 | Crear | Villager (Male) |
| 12:17 | Crear | Villager (Male) |
| 12:45 | Crear | Villager (Male) |
| 12:53 | Investigar | Feudal Age |
| 13:07 | Construir | House |
| 13:12 | Construir | Farm |
| 13:13 | Construir | Farm |
| 13:16 | Construir | Farm |
| 13:16 | Construir | Farm |
| 13:22 | Construir | Farm |
| 13:38 | Construir | Farm |
| 13:58 | Construir | Farm |
| 14:00 | Construir | Farm |
| 14:01 | Construir | Farm |
| 14:03 | Construir | Farm |
| 14:04 | Construir | Farm |
| 14:07 | Construir | Farm |
| 14:08 | Construir | Farm |
| 14:17 | Construir | Farm |
| 14:59 | Crear | Villager (Male) |
| 15:03 | Edad | Edad Feudal |
| 15:05 | Crear | Villager (Male) |
| 15:55 | Crear | Villager (Male) |
| 16:01 | Construir | Blacksmith |
| 16:06 | Crear | Villager (Male) |
| 16:21 | Construir | Market |
| 16:35 | Construir | Farm |
| 16:36 | Crear | Villager (Male) |
| 16:37 | Crear | Villager (Male) |
| 17:01 | Crear | Villager (Male) |
| 17:16 | Construir | House |
| 17:17 | Construir | House |
| 17:18 | Construir | House |
| 17:21 | Construir | House |
| 17:28 | Construir | Farm |
| 17:34 | Crear | Villager (Male) |
| 18:00 | Construir | Barracks |
| 18:15 | Construir | House |
| 18:16 | Construir | House |
| 18:18 | Construir | House |
| 18:19 | Construir | House |
| 18:24 | Investigar | Castle Age |
| 18:30 | Construir | Farm |
| 18:39 | Construir | House |
| 18:41 | Construir | House |
| 19:42 | Construir | Farm |
| 19:43 | Construir | Farm |
| 20:30 | Construir | House |
| 20:33 | Construir | House |
| 20:34 | Construir | House |
| 20:35 | Construir | House |
| 20:38 | Construir | House |
| 21:05 | Edad | Edad de los Castillos |
| 21:09 | Crear | Villager (Male) |
| 21:10 | Crear | Villager (Male) |
| 21:19 | Construir | Town Center |
| 21:25 | Crear | Villager (Male) |
| 21:25 | Crear | Villager (Male) |
| 21:25 | Crear | Villager (Male) |
| 21:26 | Crear | Villager (Male) |
| 21:37 | Construir | Town Center |
| 21:41 | Crear | Villager (Male) |
| 21:59 | Construir | Mining Camp |
| 22:07 | Crear | Villager (Male) |
| 22:08 | Crear | Villager (Male) |
| 22:46 | Crear | Villager (Male) |
| 22:46 | Crear | Villager (Male) |
| 22:46 | Crear | Villager (Male) |
| 22:47 | Crear | Villager (Male) |
| 22:47 | Crear | Villager (Male) |
| 22:50 | Crear | Villager (Male) |
| 22:50 | Crear | Villager (Male) |
| 22:51 | Crear | Villager (Male) |
| 22:51 | Crear | Villager (Male) |
| 22:51 | Crear | Villager (Male) |
| 23:07 | Construir | House |
| 23:08 | Construir | House |
| 23:33 | Investigar | Double-Bit Axe |
| 23:38 | Investigar | Horse Collar |
| 23:49 | Crear | Villager (Male) |
| 23:49 | Crear | Villager (Male) |
| 23:49 | Crear | Villager (Male) |
| 24:01 | Crear | Villager (Male) |
| 24:01 | Crear | Villager (Male) |
| 24:06 | Construir | Farm |
| 24:14 | Crear | Villager (Male) |
| 24:15 | Crear | Villager (Male) |
| 24:16 | Crear | Villager (Male) |
| 25:40 | Construir | Dock |
| 25:44 | Crear | Villager (Male) |
| 25:44 | Crear | Villager (Male) |
| 25:47 | Crear | Villager (Male) |
| 25:47 | Crear | Villager (Male) |
| 25:51 | Crear | Villager (Male) |
| 25:51 | Crear | Villager (Male) |
| 25:51 | Crear | Villager (Male) |
| 26:08 | Construir | Monastery |
| 26:25 | Crear | Villager (Male) |
| 26:25 | Crear | Villager (Male) |
| 26:26 | Crear | Villager (Male) |
| 27:02 | Crear | Transport Ship |
| 27:16 | Crear | Villager (Male) |
| 27:16 | Crear | Villager (Male) |
| 27:16 | Crear | Villager (Male) |
| 27:19 | Crear | Villager (Male) |
| 27:20 | Crear | Villager (Male) |
| 27:20 | Crear | Villager (Male) |
| 27:25 | Crear | Villager (Male) |
| 27:26 | Crear | Villager (Male) |
| 27:26 | Crear | Villager (Male) |
| 28:14 | Crear | Villager (Male) |
| 28:14 | Crear | Villager (Male) |
| 28:27 | Construir | Farm |
| 28:28 | Construir | Farm |
| 28:31 | Construir | Farm |
Build order — Turner896
140 acciones detectadas en el replay
| 0:16 | Crear | Villager (Male) |
| 0:45 | Crear | Villager (Male) |
| 0:47 | Crear | Villager (Male) |
| 0:57 | Construir | House |
| 1:16 | Construir | House |
| 1:46 | Crear | Villager (Male) |
| 2:52 | Construir | Dock |
| 3:59 | Crear | Villager (Male) |
| 4:42 | Crear | Villager (Male) |
| 6:07 | Construir | House |
| 6:16 | Crear | Villager (Male) |
| 6:33 | Crear | Fishing Ship |
| 6:34 | Crear | Fishing Ship |
| 6:42 | Crear | Villager (Male) |
| 7:03 | Construir | House |
| 7:30 | Crear | Fishing Ship |
| 8:52 | Crear | Villager (Male) |
| 8:53 | Crear | Villager (Male) |
| 9:13 | Crear | Villager (Male) |
| 10:08 | Construir | Lumber Camp |
| 10:41 | Crear | Fishing Ship |
| 10:47 | Crear | Fishing Ship |
| 11:07 | Construir | House |
| 12:04 | Crear | Villager (Male) |
| 12:04 | Crear | Villager (Male) |
| 12:04 | Crear | Villager (Male) |
| 12:23 | Construir | Mining Camp |
| 12:38 | Crear | Villager (Male) |
| 12:38 | Crear | Villager (Male) |
| 12:38 | Crear | Villager (Male) |
| 13:21 | Construir | Palisade Wall |
| 15:31 | Construir | Mill |
| 16:09 | Investigar | Feudal Age |
| 16:43 | Crear | Villager (Male) |
| 17:23 | Construir | Palisade Wall |
| 17:50 | Construir | Farm |
| 18:00 | Construir | Farm |
| 18:06 | Construir | Farm |
| 18:19 | Edad | Edad Feudal |
| 18:41 | Construir | Lumber Camp |
| 19:05 | Construir | Palisade Wall |
| 19:33 | Construir | Blacksmith |
| 19:54 | Construir | Blacksmith |
| 20:12 | Investigar | Double-Bit Axe |
| 20:17 | Investigar | Wheelbarrow |
| 21:19 | Construir | Barracks |
| 21:55 | Crear | Trade Cog |
| 22:50 | Crear | Militia |
| 22:52 | Crear | Militia |
| 22:53 | Crear | Militia |
| 23:30 | Construir | Palisade Wall |
| 24:00 | Crear | Militia |
| 24:01 | Crear | Militia |
| 24:02 | Crear | Militia |
| 24:18 | Construir | House |
| 24:28 | Construir | House |
| 24:36 | Construir | House |
| 24:53 | Crear | Militia |
| 24:54 | Investigar | Man-at-Arms (upgrade) |
| 24:56 | Crear | Spearman |
| 24:56 | Crear | Spearman |
| 24:58 | Crear | Spearman |
| 24:58 | Crear | Spearman |
| 24:58 | Crear | Spearman |
| 25:11 | Construir | House |
| 25:16 | Construir | House |
| 25:24 | Construir | House |
| 26:18 | Construir | Mining Camp |
| 27:26 | Construir | Watch Tower |
| 28:04 | Construir | House |
| 28:16 | Construir | Farm |
| 28:41 | Crear | Trade Cog |
| 28:54 | Crear | Unit 2626 |
| 28:56 | Crear | Fire Galley |
| 30:24 | Construir | Building 487 |
| 30:39 | Construir | Palisade Wall |
| 31:19 | Crear | Unit 2626 |
| 31:42 | Crear | Galley |
| 31:44 | Crear | Unit 2626 |
| 31:47 | Crear | Fire Galley |
| 32:14 | Construir | Stable |
| 32:53 | Crear | Spearman |
| 32:54 | Crear | Spearman |
| 32:54 | Crear | Spearman |
| 32:54 | Crear | Militia |
| 32:55 | Crear | Militia |
| 32:55 | Crear | Militia |
| 33:10 | Construir | Archery Range |
| 33:16 | Crear | Militia |
| 33:17 | Crear | Militia |
| 34:27 | Crear | Unit 2626 |
| 34:48 | Crear | Militia |
| 34:48 | Crear | Militia |
| 34:49 | Crear | Spearman |
| 34:49 | Crear | Spearman |
| 35:37 | Crear | Skirmisher |
| 35:39 | Crear | Skirmisher |
| 35:39 | Crear | Skirmisher |
| 35:39 | Crear | Skirmisher |
| 35:39 | Crear | Skirmisher |
| 35:40 | Crear | Skirmisher |
| 35:41 | Crear | Archer |
| 35:41 | Crear | Archer |
| 35:42 | Crear | Archer |
| 35:42 | Crear | Archer |
| 35:53 | Crear | Spearman |
| 35:54 | Investigar | Arson |
| 35:55 | Crear | Militia |
| 35:55 | Crear | Militia |
| 36:02 | Crear | Villager (Male) |
| 36:03 | Investigar | Castle Age |
| 36:18 | Construir | House |
| 38:04 | Investigar | Town Watch |
| 38:21 | Crear | Fishing Ship |
| 38:21 | Crear | Fishing Ship |
| 39:07 | Edad | Edad de los Castillos |
| 39:32 | Crear | Spearman |
| 39:32 | Investigar | Pikeman (upgrade) |
| 39:33 | Crear | Militia |
| 39:33 | Investigar | Long Swordsman (upgrade) |
| 39:34 | Investigar | Gambesons |
| 39:36 | Crear | Militia |
| 39:36 | Crear | Militia |
| 39:37 | Crear | Spearman |
| 39:37 | Crear | Spearman |
| 39:57 | Investigar | Scale Mail Armor |
| 40:08 | Construir | Siege Workshop |
| 40:49 | Construir | Fish Trap |
| 40:55 | Construir | Fish Trap |
| 41:01 | Construir | Fish Trap |
| 41:26 | Crear | Villager (Male) |
| 41:38 | Crear | Knight |
| 41:39 | Crear | Knight |
| 41:44 | Crear | Mangonel |
| 41:46 | Crear | Mangonel |
| 44:12 | Construir | Castle |
| 44:45 | Crear | Mangonel |
| 45:39 | Crear | Knight |
| 45:40 | Crear | Knight |
| 45:40 | Crear | Knight |
Build order — john
Primeras 150 de 388 acciones detectadas
| 0:01 | Crear | Villager (Male) |
| 0:01 | Crear | Villager (Male) |
| 0:03 | Construir | House |
| 0:04 | Construir | House |
| 0:45 | Crear | Villager (Male) |
| 0:45 | Crear | Villager (Male) |
| 1:49 | Construir | Lumber Camp |
| 1:55 | Crear | Villager (Male) |
| 2:17 | Crear | Villager (Male) |
| 2:51 | Crear | Villager (Male) |
| 3:10 | Crear | Villager (Male) |
| 3:10 | Crear | Villager (Male) |
| 3:57 | Crear | Villager (Male) |
| 4:30 | Crear | Villager (Male) |
| 4:37 | Construir | House |
| 4:41 | Construir | Mill |
| 5:00 | Crear | Villager (Male) |
| 5:27 | Crear | Villager (Male) |
| 5:27 | Crear | Villager (Male) |
| 5:27 | Crear | Villager (Male) |
| 5:54 | Crear | Villager (Male) |
| 6:34 | Crear | Villager (Male) |
| 6:38 | Crear | Villager (Male) |
| 6:38 | Crear | Villager (Male) |
| 6:58 | Crear | Villager (Male) |
| 7:16 | Construir | House |
| 7:36 | Investigar | Loom |
| 7:41 | Crear | Villager (Male) |
| 7:41 | Crear | Villager (Male) |
| 8:12 | Crear | Villager (Male) |
| 8:12 | Crear | Villager (Male) |
| 8:59 | Investigar | Loom |
| 8:59 | Investigar | Feudal Age |
| 9:30 | Construir | Farm |
| 9:31 | Construir | Farm |
| 9:34 | Construir | Farm |
| 9:34 | Construir | Farm |
| 9:47 | Construir | Mining Camp |
| 10:07 | Construir | House |
| 11:13 | Construir | Farm |
| 11:16 | Construir | Farm |
| 11:58 | Crear | Villager (Male) |
| 11:58 | Crear | Villager (Male) |
| 11:59 | Edad | Edad Feudal |
| 12:11 | Construir | Blacksmith |
| 12:17 | Construir | Market |
| 12:42 | Construir | Farm |
| 13:16 | Construir | Farm |
| 13:18 | Construir | Farm |
| 13:40 | Investigar | Castle Age |
| 14:31 | Investigar | Double-Bit Axe |
| 14:33 | Investigar | Horse Collar |
| 16:03 | Crear | Villager (Male) |
| 16:04 | Crear | Villager (Male) |
| 16:19 | Edad | Edad de los Castillos |
| 16:23 | Construir | Town Center |
| 16:40 | Crear | Villager (Male) |
| 16:41 | Crear | Villager (Male) |
| 16:41 | Crear | Villager (Male) |
| 17:04 | Construir | House |
| 17:09 | Construir | House |
| 17:14 | Crear | Villager (Male) |
| 17:34 | Construir | Town Center |
| 17:48 | Crear | Villager (Male) |
| 17:48 | Crear | Villager (Male) |
| 17:54 | Construir | Farm |
| 17:55 | Construir | Farm |
| 17:56 | Construir | Farm |
| 18:18 | Crear | Villager (Male) |
| 18:19 | Crear | Villager (Male) |
| 18:19 | Crear | Villager (Male) |
| 18:35 | Crear | Villager (Male) |
| 18:49 | Construir | Farm |
| 18:50 | Construir | Farm |
| 18:52 | Construir | Farm |
| 18:53 | Construir | Farm |
| 18:55 | Construir | Farm |
| 18:56 | Construir | Farm |
| 19:02 | Crear | Villager (Male) |
| 19:02 | Crear | Villager (Male) |
| 19:02 | Crear | Villager (Male) |
| 19:10 | Crear | Villager (Male) |
| 19:11 | Crear | Villager (Male) |
| 19:11 | Crear | Villager (Male) |
| 19:11 | Crear | Villager (Male) |
| 19:30 | Construir | Farm |
| 19:43 | Crear | Villager (Male) |
| 19:44 | Crear | Villager (Male) |
| 19:44 | Crear | Villager (Male) |
| 19:44 | Crear | Villager (Male) |
| 20:03 | Construir | House |
| 20:10 | Construir | House |
| 20:27 | Construir | Barracks |
| 20:44 | Crear | Villager (Male) |
| 20:45 | Crear | Villager (Male) |
| 20:45 | Crear | Villager (Male) |
| 21:00 | Construir | Dock |
| 21:21 | Construir | House |
| 21:25 | Construir | Farm |
| 21:26 | Construir | Farm |
| 21:27 | Construir | Farm |
| 21:28 | Construir | Farm |
| 21:32 | Crear | Villager (Male) |
| 21:32 | Crear | Villager (Male) |
| 21:32 | Crear | Villager (Male) |
| 21:32 | Crear | Villager (Male) |
| 21:33 | Crear | Villager (Male) |
| 21:33 | Crear | Villager (Male) |
| 21:33 | Crear | Villager (Male) |
| 21:46 | Investigar | Bow Saw |
| 22:14 | Construir | Dock |
| 22:17 | Crear | Villager (Male) |
| 22:17 | Crear | Villager (Male) |
| 22:17 | Crear | Villager (Male) |
| 22:17 | Crear | Villager (Male) |
| 22:17 | Crear | Villager (Male) |
| 22:18 | Crear | Villager (Male) |
| 22:32 | Construir | House |
| 22:35 | Construir | Farm |
| 22:38 | Construir | Farm |
| 22:45 | Construir | Farm |
| 22:47 | Crear | Villager (Male) |
| 22:47 | Crear | Villager (Male) |
| 22:47 | Crear | Villager (Male) |
| 23:09 | Construir | Farm |
| 23:22 | Construir | Palisade Gate |
| 23:35 | Construir | Building 487 |
| 23:40 | Construir | Stone Wall |
| 24:00 | Construir | House |
| 24:02 | Construir | Farm |
| 24:02 | Construir | Farm |
| 24:05 | Crear | Villager (Male) |
| 24:05 | Crear | Villager (Male) |
| 24:05 | Crear | Villager (Male) |
| 24:06 | Crear | Villager (Male) |
| 24:06 | Crear | Villager (Male) |
| 24:06 | Crear | Villager (Male) |
| 24:06 | Crear | Villager (Male) |
| 24:07 | Crear | Villager (Male) |
| 24:07 | Crear | Villager (Male) |
| 24:07 | Crear | Villager (Male) |
| 24:07 | Crear | Villager (Male) |
| 24:08 | Crear | Villager (Male) |
| 24:17 | Crear | Fishing Ship |
| 24:17 | Crear | Fishing Ship |
| 24:17 | Crear | Fishing Ship |
| 24:18 | Crear | Fishing Ship |
| 24:18 | Crear | Fishing Ship |
| 24:18 | Crear | Fishing Ship |
| 24:20 | Crear | Fishing Ship |
Build order — SpongeBurner
Primeras 150 de 274 acciones detectadas
| 1:27 | Crear | Villager (Male) |
| 1:41 | Construir | House |
| 1:59 | Crear | Villager (Male) |
| 2:29 | Crear | Villager (Male) |
| 2:44 | Construir | House |
| 3:00 | Crear | Villager (Male) |
| 3:31 | Construir | Mill |
| 3:37 | Crear | Villager (Male) |
| 4:10 | Crear | Villager (Male) |
| 4:50 | Crear | Villager (Male) |
| 4:52 | Crear | Villager (Male) |
| 5:49 | Construir | Palisade Wall |
| 5:59 | Construir | Palisade Wall |
| 6:25 | Crear | Villager (Male) |
| 6:27 | Crear | Villager (Male) |
| 6:48 | Construir | House |
| 6:54 | Construir | House |
| 7:03 | Crear | Villager (Male) |
| 7:04 | Crear | Villager (Male) |
| 7:34 | Crear | Villager (Male) |
| 7:37 | Crear | Villager (Male) |
| 7:39 | Crear | Villager (Male) |
| 7:56 | Construir | Lumber Camp |
| 8:20 | Construir | House |
| 8:23 | Construir | House |
| 8:48 | Crear | Villager (Male) |
| 8:49 | Crear | Villager (Male) |
| 9:04 | Construir | Palisade Wall |
| 9:55 | Construir | Palisade Gate |
| 10:13 | Construir | Palisade Wall |
| 11:43 | Investigar | Feudal Age |
| 11:54 | Construir | Farm |
| 11:54 | Construir | Farm |
| 11:54 | Construir | Farm |
| 11:54 | Construir | Farm |
| 12:02 | Construir | Farm |
| 12:02 | Construir | Farm |
| 12:02 | Construir | Farm |
| 12:02 | Construir | Farm |
| 12:03 | Construir | Farm |
| 12:03 | Construir | Farm |
| 12:03 | Construir | Farm |
| 12:03 | Construir | Farm |
| 12:03 | Construir | Farm |
| 12:03 | Construir | Farm |
| 12:03 | Construir | Farm |
| 12:03 | Construir | Farm |
| 12:03 | Construir | Farm |
| 12:03 | Construir | Farm |
| 12:06 | Construir | Farm |
| 12:06 | Construir | Farm |
| 12:06 | Construir | Farm |
| 12:06 | Construir | Farm |
| 12:06 | Construir | Farm |
| 12:06 | Construir | Farm |
| 12:06 | Construir | Farm |
| 12:32 | Construir | Farm |
| 12:32 | Construir | Farm |
| 12:32 | Construir | Farm |
| 13:54 | Investigar | Wheelbarrow |
| 14:19 | Construir | Market |
| 14:36 | Investigar | Double-Bit Axe |
| 15:20 | Construir | Mining Camp |
| 15:26 | Crear | Villager (Male) |
| 15:40 | Crear | Villager (Male) |
| 15:44 | Crear | Villager (Male) |
| 15:48 | Construir | Farm |
| 15:48 | Construir | Farm |
| 15:48 | Construir | Farm |
| 15:48 | Construir | Farm |
| 15:51 | Construir | Farm |
| 15:51 | Construir | Farm |
| 15:51 | Construir | Farm |
| 15:51 | Construir | Farm |
| 15:51 | Construir | Farm |
| 15:51 | Construir | Farm |
| 15:51 | Construir | Farm |
| 15:51 | Construir | Farm |
| 15:51 | Construir | Farm |
| 16:13 | Crear | Villager (Male) |
| 16:16 | Construir | Farm |
| 16:16 | Construir | Farm |
| 16:16 | Construir | Farm |
| 16:16 | Construir | Farm |
| 16:16 | Construir | Farm |
| 16:16 | Construir | Farm |
| 16:16 | Construir | Farm |
| 16:16 | Construir | Farm |
| 16:16 | Construir | Farm |
| 16:25 | Construir | Farm |
| 16:25 | Construir | Farm |
| 16:25 | Construir | Farm |
| 16:25 | Construir | Farm |
| 16:25 | Construir | Farm |
| 16:25 | Construir | Farm |
| 16:25 | Construir | Farm |
| 16:25 | Construir | Farm |
| 16:25 | Construir | Farm |
| 16:39 | Construir | Mill |
| 16:41 | Construir | Farm |
| 16:41 | Construir | Farm |
| 16:41 | Construir | Farm |
| 16:41 | Construir | Farm |
| 16:41 | Construir | Farm |
| 16:41 | Construir | Farm |
| 17:05 | Construir | Farm |
| 17:05 | Construir | Farm |
| 17:05 | Construir | Farm |
| 17:06 | Construir | Farm |
| 17:09 | Crear | Villager (Male) ×3 |
| 17:30 | Construir | Farm |
| 17:30 | Construir | Farm |
| 17:30 | Construir | Farm |
| 17:30 | Construir | Farm |
| 17:30 | Construir | Farm |
| 17:30 | Construir | Farm |
| 17:30 | Construir | Farm |
| 17:30 | Construir | Farm |
| 17:55 | Construir | Farm |
| 17:55 | Construir | Farm |
| 17:55 | Construir | Farm |
| 17:59 | Construir | Farm |
| 18:19 | Crear | Villager (Male) ×7 |
| 18:24 | Construir | Farm |
| 18:45 | Construir | Farm |
| 19:10 | Construir | Farm |
| 20:38 | Investigar | Gold Mining |
| 21:19 | Construir | Farm |
| 21:40 | Construir | Barracks |
| 22:19 | Construir | Dock |
| 23:16 | Construir | Stable |
| 23:30 | Crear | Fishing Ship |
| 23:30 | Crear | Fishing Ship |
| 23:31 | Crear | Fishing Ship |
| 23:31 | Crear | Fishing Ship |
| 23:33 | Crear | Fishing Ship |
| 23:49 | Construir | House |
| 23:51 | Construir | House |
| 23:55 | Construir | House |
| 24:04 | Construir | House |
| 24:08 | Construir | House |
| 24:15 | Investigar | Castle Age |
| 25:04 | Construir | Mill |
| 25:08 | Crear | Villager (Male) |
| 25:08 | Crear | Villager (Male) |
| 25:09 | Crear | Villager (Male) |
| 25:09 | Crear | Villager (Male) |
| 25:09 | Crear | Villager (Male) |
| 25:13 | Crear | Villager (Male) |
| 25:14 | Crear | Villager (Male) |
Cronología de la partida
| 2:52 | Turner896 · first_building Dock |
| 5:49 | SpongeBurner · wall_segment Palisade Wall x2 |
| 5:59 | SpongeBurner · wall_segment Palisade Wall x11 |
| 9:04 | SpongeBurner · wall_segment Palisade Wall x8 |
| 10:13 | SpongeBurner · wall_segment Palisade Wall x11 |
| 11:59 | john · age_up feudal |
| 13:21 | Turner896 · wall_segment Palisade Wall x4 |
| 15:03 | Handsome Shrek · age_up feudal |
| 16:19 | john · age_up castle |
| 17:23 | Turner896 · wall_segment Palisade Wall x5 |
| 18:00 | Handsome Shrek · first_building Barracks |
| 18:19 | Turner896 · age_up feudal |
| 19:05 | Turner896 · wall_segment Palisade Wall x5 |
| 20:27 | john · first_building Barracks |
| 20:47 | SpongeBurner · first_market_sell 100 food |
| 20:54 | SpongeBurner · first_market_buy 100 wood |
| 21:00 | john · first_building Dock |
| 21:05 | Handsome Shrek · age_up castle |
| 21:19 | Turner896 · first_building Barracks |
| 21:40 | SpongeBurner · first_building Barracks |
| 22:19 | SpongeBurner · first_building Dock |
| 23:16 | SpongeBurner · first_building Stable |
| 23:30 | Turner896 · wall_segment Palisade Wall x7 |
| 23:31 | john · first_market_buy 100 stone |
| 23:40 | john · wall_segment Stone Wall x3 |
| 25:40 | Handsome Shrek · first_building Dock |
| 26:08 | Handsome Shrek · first_building Monastery |
| 28:07 | john · first_building Monastery |
| 30:39 | Turner896 · wall_segment Palisade Wall x3 |
| 32:07 | john · age_up imperial |
| 32:14 | Turner896 · first_building Stable |
| 32:47 | Handsome Shrek · first_building Castle |
| 32:53 | john · first_building Castle |
| 33:10 | Turner896 · first_building Archery Range |
| 33:26 | Handsome Shrek · first_building Siege Workshop |
| 37:09 | SpongeBurner · first_building Castle |
| 37:15 | Handsome Shrek · first_building Stable |
| 38:16 | SpongeBurner · first_building Archery Range |
| 39:07 | Turner896 · age_up castle |
| 39:17 | Handsome Shrek · age_up imperial |
| 39:58 | john · wall_segment Stone Wall x15 |
| 40:08 | Turner896 · first_building Siege Workshop |
| 40:31 | john · first_market_sell 100 wood |
| 40:31 | Handsome Shrek · first_building Archery Range |
| 44:12 | Turner896 · first_building Castle |
| 45:20 | SpongeBurner · resign |
[ ANÁLISIS IA · 1 CRÉDITO ]
¿Qué pasó realmente en esta partida?
Wolo.gg analiza cada decisión: build order, eco, micro, errores típicos por bracket. Análisis personalizado por WhatsApp o Discord en 30 segundos.
Guía civ
Teutones
Perfil
Jugador #273597